 Dungeon Crawl Stone Soup version 0.30-a0-263-ge22c4ad894 (webtiles) character file.

Game seed: 4897482446344542995

651 boo the Twirler (level 7, 0/54 HPs)
             Began as a Human Gladiator on Oct 13, 2022.
             Slain by an orc
             ... wielding a +0 hand axe
              (5 damage)
             ... on level 5 of the Dungeon.
             The game lasted 00:07:10 (4432 turns).

boo the Twirler (Human Gladiator)                   Turns: 4432, Time: 00:07:11

Health: 0/54       AC:  6    Str: 16    XL:     7   Next: 83%
Magic:  7/7        EV: 13    Int:  8    God:
Gold:   110        SH:  0    Dex: 15    Spells: 6/6 levels left

rFire   + . .      SeeInvis .    a - +0 quarterstaff
rCold   + + .      Faith    .    (shield currently unavailable)
rNeg    . . .      Spirit   .    z - +0 leather armour "Husten" {rC++ Stlth-}
rPois   .          Reflect  .    c - +0 helmet
rElec   .          Harm     .    (no cloak)
rCorr   .          Rampage  .    y - +0 pair of gloves
Will    .....                    D - +0 pair of boots
Stlth   ..........               (no amulet)
HPRegen 0.29/turn                h - ring of protection from fire
MPRegen 0.10/turn                (no ring)

@: no status effects
A: no striking features
a: no special abilities


You were on level 5 of the Dungeon.
You visited 1 branch of the dungeon, and saw 5 of its levels.

You collected 320 gold pieces.
You spent 210 gold pieces at shops.

Inventory:

Hand Weapons
 a - a +0 quarterstaff (weapon)
Missiles
 d - 4 throwing nets
 e - a javelin
Armour
 c - a +0 helmet (worn)
 y - a +0 pair of gloves (worn)
 z - the +0 leather armour "Husten" (worn) {rC++ Stlth-}
   (You bought it in a shop on level 3 of the Dungeon)

   rC:        It greatly protects you from cold.
   Stlth:     It makes you less stealthy.
 D - a +0 pair of boots (worn)
Jewellery
 h - a ring of protection from fire (left hand)
 m - an amulet of magic regeneration
Scrolls
 f - a scroll of amnesia {unknown}
 i - a scroll of fear {unknown}
 k - 2 scrolls of noise {unknown}
 n - 4 scrolls of teleportation
 p - a scroll of fog {unknown}
 q - a scroll of brand weapon {unknown}
 r - a scroll of enchant armour (quivered)
 u - a scroll of torment {unknown}
 A - a scroll of magic mapping {unknown}
 B - a scroll of silence {unknown}
Potions
 b - a potion of brilliance {unknown}
 g - a potion of resistance {unknown}
 j - 5 potions of curing
 l - 3 potions of haste
 t - a potion of berserk rage {unknown}
 v - a potion of ambrosia
 w - a potion of flight
 x - a potion of might
 C - 3 potions of lignification


   Skills:
 + Level 4.0 Fighting
 * Level 5.8 Staves
 - Level 2.0 Throwing
 + Level 3.2 Armour
 + Level 4.6 Dodging


You had 6 spell levels left.
You didn't know any spells.
Your spell library contained the following spells:

 Spells                   Type           Power      Damage    Failure   Level
 Blink                    Tloc           0%         N/A       61%         2
 Momentum Strike          Conj/Tloc      0%         3d8       61%         2
 Static Discharge         Conj/Air       0%         2-2/arc   61%         2
 Lesser Beckoning         Tloc           0%         N/A       83%         3
 Vhi's Electric Charge    Tloc/Air       0%         N/A       83%         3
 Arcjolt                  Conj/Air       0%         1d10      100%        5
 Lightning Bolt           Conj/Air       0%         1d11      100%        5


Dungeon Overview and Level Annotations

Branches:
Dungeon (5/15)
 Temple: D:4-7

Altars:
Ashenzari
Dithmenos
Ru
Yredelemnul

Shops:
D:3 (:[?[


Message History

You are too injured to fight recklessly!
You are too injured to fight recklessly!
You thump the orc priest!
The orc priest is heavily wounded.
The orc priest invokes the aid of Beogh against you.
Pain shoots through your body! The orc misses you.
You hit the orc priest.
The orc priest is almost dead.
The orc hits you with a +0 hand axe.
* * * LOW HITPOINT WARNING * * *
You sock the orc priest!
The orc priest is severely wounded.
The orc priest hits you with a +0 short sword.
* * * LOW HITPOINT WARNING * * *
The orc priest barely misses you. The orc hits you with a +0 hand axe.
* * * LOW HITPOINT WARNING * * *
You sock the orc priest!
You kill the orc priest!
The orc priest misses you. The orc hits you but does no damage.
You closely miss the orc priest.
The orc priest is almost dead.
The orc closely misses you. The orc priest barely misses you.
The orc closely misses you.
You barely miss the orc priest.
The orc priest is almost dead.
The orc hits you but does no damage. The orc priest closely misses you.
The orc barely misses you.
You hit the orc priest.
You kill the orc priest!
The orc hits you with a +0 whip.
* * * LOW HITPOINT WARNING * * *
The orc closely misses you.
Your Fighting skill increases to level 4!
The orc barely misses you.
Things that are here:
a +0 short sword; a +0 leather armour The orc attacks as you move away!
The orc hits you with a +0 whip.
* * * LOW HITPOINT WARNING * * *
The orc attacks as you move away! The orc hits you with a +0 hand axe.
You die...

..# ##### ### ###
.. # ..# .#### ...#
#..... ...#
#########...#
#..####...........#
.
#...........oo...#
.
#......####.@.##..#
.## ##....## ##.##
..###.....# #.#
.........## #.#
.#.......# ###
.####....##
#####.....#
.##.).....#
..)........#


You could see 2 orcs.

Vanquished Creatures
  A centaur (D:4)
  2 scorpions (D:4)
  2 orc priests (D:5)
  3 hounds
  Jessica (D:2)
  Natasha (thrice) (D:2)
  2 iguanas (D:4)
  7 adders
  A shadow imp (D:5)
  A worm (D:4)
  3 dart slugs
  4 orcs (D:5)
  6 endoplasms
  2 giant cockroaches
  6 goblins
  7 hobgoblins
  9 jackals
  2 quokkas
  7 ball pythons
  4 bats (D:1)
  3 frilled lizards
  5 kobolds
  2 rats
83 creatures vanquished.

Notes
Turn   | Place    | Note
-------+----------+-------------------------------------------
     0 | D:1      | boo the Human Gladiator began the quest for the Orb.
     0 | D:1      | Reached XP level 1. HP: 16/16 MP: 1/1
   100 | D:1      | Reached XP level 2. HP: 3/22 MP: 2/2
   400 | D:1      | Found a faded altar of an unknown god.
   496 | D:1      | Reached XP level 3. HP: 25/27 MP: 3/3
  1178 | D:2      | Reached skill level 1 in Armour
  1241 | D:2      | Reached XP level 4. HP: 33/34 MP: 4/4
  1296 | D:2      | Noticed Natasha
  1310 | D:2      | Killed Natasha
  1411 | D:2      | Noticed Natasha
  1420 | D:2      | Killed Natasha
  1421 | D:2      | Reached skill level 4 in Staves
  1421 | D:2      | Reached XP level 5. HP: 30/39 MP: 5/5
  1512 | D:2      | Noticed Jessica
  1522 | D:2      | Killed Jessica
  1808 | D:2      | Noticed Natasha
  1829 | D:2      | Killed Natasha
  2040 | D:3      | Found Visma's Book Shop.
  2165 | D:3      | Found Seasibia's Antique Armour Emporium.
  2225 | D:3      | Found a broken altar of Ashenzari.
  2336 | D:3      | Found Zillumm's Antique Armour Shop.
  2340 | D:3      | Bought a scorched leather armour for 154 gold pieces
  2340 | D:3      | Identified the +0 leather armour "Husten" {rC++ Stlth-}
                  | (You bought it in a shop on level 3 of the Dungeon)
  2368 | D:3      | Reached XP level 6. HP: 47/47 MP: 6/6
  2382 | D:3      | Found Byxziril's Magic Scroll Emporium.
  2492 | D:3      | Found Moaguit's Antique Weapon Shoppe.
  2655 | D:3      | Found a basalt altar of Yredelemnul.
  3092 | D:4      | Found a shadowy altar of Dithmenos.
  3100 | D:4      | Reached skill level 5 in Staves
  3201 | D:4      | Reached XP level 7. HP: 23/52 MP: 7/7
  3398 | D:3      | Bought a scroll of identify for 28 gold pieces
  3398 | D:3      | Bought a scroll of identify for 28 gold pieces
  3976 | D:5      | Entered Level 5 of the Dungeon
  4110 | D:5      | Identified the +6 long sword "Deojenowk" {drain, rC- rN+
                  | rCorr}
  4371 | D:5      | Found a sacrificial altar of Ru.
  4432 | D:5      | Slain by an orc

Illustrated notes

Levels and vault maps discovered:
D:1:      dpeg_arrival_rhombi, layout_loops_ring,
          dreamdust_ecumenical_altar_grove, serial_forest,
          infiniplex_forest_clump_curved, infiniplex_forest_lined_2,
          infiniplex_forest_lined_corner, infiniplex_forest_clump_curved,
          infiniplex_forest_lined_2, infiniplex_forest_split,
          infiniplex_forest_clump_small, infiniplex_forest_fountain,
          minmay_misc_feat_iff, minivault_5, minmay_tripent
D:2:      layout_loops_ring, uniq_jessica, uniq_natasha
D:3:      layout_loops_ring, mainiacjoe_overflow_alcove_2,
          nicolae_overflow_crystal_walls, serial_shops, nicolae_shop_trees,
          shop, nicolae_shop_crystal, shop, nicolae_shop_overgrown_old_shop
D:4:      layout_basic, grunt_dithmenos_smoke, hangedman_decor_push
D:5:      layout_layer_cave, mainiacjoe_overflow_chevrons,
          minmay_strange_pillars, nicolae_shop_i_like_big_books, uniq_sigmund

Skill      XL: |  1  2  3  4  5  6  7 |
---------------+----------------------+-----
Armour         | 1 2 3 |  3.2
Staves         | 4 5 |  5.8
Fighting       | 3 4 |  4.0
Dodging        | 4 |  4.6
Throwing       | |  2.0

Action                   |  1- 3 |  4- 6 |  7- 9 || total
-------------------------+-------+-------+-------++-------
Melee: Quarterstaff      |    71 |   137 |    69 ||   277
  Use: Scroll            |       |     1 |     7 ||     8
       Potion            |       |     2 |       ||     2
 Stab: Sleeping          |     1 |     2 |       ||     3
Armor: Leather armour    |    33 |    33 |    20 ||    86
Dodge: Dodged            |    69 |    94 |    57 ||   220

Table legend: (Time is in decaauts)
 A = Elapsed time spent in this place.
 B = Non-inter-level travel time spent in this place.
 C = Inter-level travel time spent in this place.
 D = Time resting spent in this place.
 E = Time spent auto-exploring this place.
 F = Levels seen in this place.
 G = Mean time per level.
                   A        B        C        D        E       F      G
               +--------+--------+--------+--------+--------+-----+--------+
         Total |   4434 |   4206 |    228 |    532 |   3020 |   5 |  886.8 |
       Dungeon |   4434 |   4206 |    228 |    532 |   3020 |   5 |  886.8 |
               +--------+--------+--------+--------+--------+-----+--------+

Top non-repeatable levels by time:
     D:1: 1167 daAuts
     D:4: 1134 daAuts
     D:2: 885 daAuts
     D:3: 789 daAuts
     D:5: 456 daAuts
